 Dungeon Crawl Stone Soup version 0.25.1-8-g42b30a86e7 (webtiles) character file.

Game seed: 7781557144874064380

91 Clowwww the Skirmisher (level 4, -1/35 HPs)
             Began as a Demonspawn Fighter on Dec 26, 2020.
             Slain by Natasha (9 damage)
             ... on level 2 of the Dungeon.
             The game lasted 00:03:03 (1530 turns).

Clowwww the Skirmisher (Demonspawn Fighter)         Turns: 1530, Time: 00:03:03

Health: -1/35      AC:  7    Str: 18    XL:     4   Next: 34%
Magic:  4/4        EV:  7    Int:  9    God:
Gold:   116        SH:  9    Dex: 12    Spells: 3/3 levels left

rFire    . . .     SeeInvis .   a - +0 war axe
rCold    . . .     Gourm    .   c - +0 kite shield
rNeg     . . .     Faith    .   b - +0 scale mail
rPois    .         Spirit   .   (no helmet)
rElec    .         Reflect  .   (no cloak)
rCorr    .         Harm     .   (no gloves)
MR       .....                  l - +0 pair of boots
Stlth    ..........             (no amulet)
HPRegen  0.11/turn              (no ring)
MPRegen  0.09/turn              (no ring)

@: mighty, slowed, very slow
A: powered by pain 2
a: no special abilities


You were on level 2 of the Dungeon.
You were not hungry.

You visited 1 branch of the dungeon, and saw 2 of its levels.

You collected 116 gold pieces.

Inventory:

Hand Weapons
 a - a +0 war axe (weapon)
Armour
 b - a +0 scale mail (worn)
 c - a +0 kite shield (worn)
 l - a +0 pair of boots (worn)
Jewellery
 p - an uncursed amulet of reflection
Scrolls
 h - 5 scrolls of identify {unknown}
 i - 2 scrolls of remove curse {unknown}
 m - a scroll of blinking {unknown}
 o - 2 scrolls of noise {unknown}
Potions
 e - a potion of flight {unknown}
 j - a potion of haste
 k - 2 potions of lignification {unknown}
 n - 2 potions of curing {unknown}
Comestibles
 f - 5 rations
 g - a chunk of flesh


   Skills:
 + Level 3.4 Fighting
 + Level 2.8 Axes
 + Level 3.1 Armour
 + Level 0.4 Dodging
 + Level 0.1 Stealth
 + Level 3.3 Shields


You had 3 spell levels left.
You didn't know any spells.
Your spell library was empty.

Dungeon Overview and Level Annotations

Branches:
Dungeon (2/15)

Altars:
Gozag
Kikubaaqudgha
Nemelex Xobeh

Annotations:
D:2 Natasha


Innate Abilities, Weirdness & Mutations

You sometimes gain power by taking damage.


Message History

Natasha casts a spell.
The shadow imp lashes its tail.
Your shield prevents you from hitting Natasha.
Natasha is lightly wounded.
Natasha claws you.
Natasha mumbles some strange words.
You block Natasha's attack.
You hit Natasha.
Natasha is heavily wounded.
The shadow imp disappears in a puff of smoke!
Natasha casts a spell at you. The magic dart hits you! Natasha claws you.
* * * LOW HITPOINT WARNING * * *
You feel very mighty all of a sudden.
Natasha mumbles some strange words.
The white imp puffs mist at you.
You closely miss Natasha.
Natasha is heavily wounded.
Natasha claws you!
You die...

.#####..###...#
............#.#
..###.#.###.#.#
......#.# #.#<####
...)....# #.#....###
#.####..# #.#......
#.# #..# #....#.###.#
#.# #..# #.....†...#
#.# #..# ##†.)#@###.#
#.####..#####.##h###
...........((..55....
#.#######.######.####
...## #.# #.#
....#####.# #.#
....÷.....# #..
....####### ### ...##


You could see Natasha (strong), a white imp (summoned) and a shadow imp
(summoned).

Vanquished Creatures
  Natasha (D:2)
  2 adders (D:2)
  A dart slug (D:2)
  A leopard gecko (D:1)
  10 bats
  5 giant cockroaches
  4 goblins (D:1)
  2 hobgoblins (D:2)
  4 jackals (D:1)
  A frilled lizard (D:1)
  8 kobolds
  5 rats
44 creatures vanquished.

Notes
Turn   | Place    | Note
-------+----------+-------------------------------------------
     0 | D:1      | Clowwww the Demonspawn Fighter began the quest for the Orb.
     0 | D:1      | Reached XP level 1. HP: 18/18 MP: 1/1
   275 | D:1      | Gained mutation: You sometimes gain a little power by
                  | taking damage. [demonic ancestry]
   275 | D:1      | Reached XP level 2. HP: 19/24 MP: 2/2
   984 | D:2      | Gained mutation: You sometimes gain power by taking damage.
                  | [demonic ancestry]
   984 | D:2      | Reached XP level 3. HP: 27/29 MP: 3/3
  1145 | D:2      | Found a sparkling altar of Nemelex Xobeh.
  1179 | D:2      | Noticed Natasha
  1185 | D:2      | Killed Natasha
  1255 | D:2      | Reached XP level 4. HP: 35/35 MP: 4/4
  1386 | D:2      | Found an ancient bone altar of Kikubaaqudgha.
  1393 | D:2      | Found an opulent altar of Gozag.
  1511 | D:2      | Noticed Natasha
  1530 | D:2      | Slain by Natasha

Illustrated notes

Levels and vault maps discovered:
D:1:      shiori_arrival_oz, layout_rooms, kennysheep_pointless_box,
          supply_closet_lemuel
D:2:      layout_loops_ring, nemelex_xobeh_ov_fountains_minmay,
          amethyst_overflow_temple_binary, uniq_natasha

Skill      XL: |  1  2  3  4 |
---------------+-------------+-----
Axes           | 2 |  2.8
Shields        | 3 |  3.3
Armour         | 3 |  3.1
Fighting       | |  3.4
Dodging        | |  0.4
Stealth        | |  0.1

Action                   |  1- 3 |  4- 6 || total
-------------------------+-------+-------++-------
Melee: War axe           |   109 |    49 ||   158
  Use: Potion            |       |     1 ||     1
  Eat: Chunk             |     1 |     1 ||     2
Armor: Scale mail        |    69 |    43 ||   112
Dodge: Dodged            |    29 |    19 ||    48
Block: Kite shield       |    53 |    43 ||    96
